 Dungeon Crawl Stone Soup version 0.28-a0-48-gfd831c5874 (webtiles) character file.

Game seed: 14250581155791517979

6909 quinnr the Zephyrmancer (level 11, -12/61 HPs)
             Began as a Tengu Air Elementalist on July 29, 2021.
             Was a Believer of Hepliaklqana.
             Engulfed by a cloud of freezing vapour (13 damage)
             ... on level 9 of the Dungeon on July 30, 2021.
             The game lasted 00:24:17 (12716 turns).

quinnr the Zephyrmancer (Tengu Air Elementalist)   Turns: 12716, Time: 00:24:18

Health: -12/61     AC: 18    Str:  9    XL:     11   Next: 7%
Magic:  17/23      EV: 15    Int: 19    God:    Hepliaklqana [**....]
Gold:   449        SH:  0    Dex: 17    Spells: 14/24 levels left

rFire   + . .      SeeInvis .   i - staff of fire
rCold   . . .      Faith    .   (no shield)
rNeg    . . .      Spirit   .   E - +2 steam dragon scales
rPois   .          Reflect  .   (helmet restricted)
rElec   .          Harm     .   (no cloak)
rCorr   .          Rampage  .   C - +2 pair of gloves {Dex+3}
Will    .....                   (boots unavailable)
Stlth   ++........              (no amulet)
HPRegen 0.20/turn               c - +4 ring of protection
MPRegen 0.18/turn               v - +4 ring of protection

@: flying quickly and evasively, quick
A: reduced essence, beak, talons 3, nimble flight
a: Renounce Religion, Recall Ancestor, Ancestor Identity


You were on level 9 of the Dungeon.
You worshipped Hepliaklqana.
Hepliaklqana was pleased with you.
You visited 2 branches of the dungeon, and saw 10 of its levels.

You collected 449 gold pieces.

Inventory:

Hand Weapons
 u - a +8 club
Missiles
 d - 58 poisoned darts
Armour
 a - a +1 robe
 s - a +0 troll leather armour
 C - a +2 pair of gloves of dexterity (worn)
 E - +2 steam dragon scales (worn)
Magical Staves
 i - a staff of fire (weapon)
Jewellery
 c - a +4 ring of protection (left hand)
 v - a +4 ring of protection (right hand)
 A - a ring of positive energy
Wands
 e - a wand of iceblast (8)
 f - a wand of paralysis (3)
 h - a wand of polymorph (12)
 t - a wand of flame (3)
 y - a wand of mindburst (5)
Scrolls
 b - a scroll of blinking
 g - 3 scrolls of teleportation
 j - 3 scrolls of immolation
 k - 4 scrolls of vulnerability
 r - a scroll of summoning {unknown}
 w - a scroll of fear {unknown}
 x - 2 scrolls of amnesia
 z - 5 scrolls of fog
 B - a scroll of silence
Potions
 l - a potion of resistance
 m - 3 potions of heal wounds
 n - 3 potions of curing
 o - a potion of cancellation
 p - a potion of attraction
 q - 2 potions of lignification
 D - a potion of flight {unknown}


   Skills:
 + Level 7.7 Fighting
 - Level 3.0 Armour
 - Level 3.0 Dodging
 - Level 3.0 Stealth
 + Level 7.3 Spellcasting
 - Level 3.0 Conjurations
 - Level 4.0 Ice Magic
 + Level 13.8 Air Magic


You had 14 spell levels left.
You knew the following spells:

 Your Spells              Type           Power      Damage    Failure   Level
a - Shock                 Conj/Air       100%       1d9       1%          1
b - Airstrike             Air            28%        N/A       1%          4
c - Freezing Cloud        Conj/Ice/Air   16%        6-21      16%         5

Your spell library contained the following spells:

 Spells                   Type           Power      Damage    Failure   Level
 Static Discharge         Conj/Air       39%        N/A       1%          2
 Swiftness                Air            56%        N/A       1%          3
 Apportation              Tloc           12%        N/A       10%         1
 Iskenderun's Mystic Bla  Conj/Tloc      12%        2d5       45%         4
 Passage of Golubria      Tloc           N/A        N/A       67%         4
 Summon Forest            Summ/Tloc      3%         N/A       95%         5
 Simulacrum               Ice/Necr       7%         N/A       100%        6
 Polar Vortex             Ice            11%        N/A       100%        9


Dungeon Overview and Level Annotations

Branches:
Dungeon (9/15)             Temple (1/1) D:4
   Lair: D:8-11         Orc: D:9-12

Altars:
Ashenzari
Cheibriados
Dithmenos
Elyvilon
Fedhas
Gozag
Hepliaklqana
Kikubaaqudgha
Makhleb
Nemelex Xobeh
Okawaru
Sif Muna
Trog
Uskayaw
Vehumet
Wu Jian
Xom
Yredelemnul
Zin

Portals:
Abyss: D:5


Innate Abilities, Weirdness & Mutations

Your life essence is reduced to manifest your ancestor. (-10% HP)
You have a beak for a mouth.
You have claws for feet.
Your magical nature lets you fly swiftly and evasively.


Message History

(D) Dungeon (T) Temple
Where to? (Enter - D:9, ? - help)
Things that are here:
a +0 dire flail; a +0 giant club
There is a stone staircase leading down, spattered with blood here.
You fly downwards.
A yak comes into view.
The yak bellows!
The yak misses you.
A yak comes into view.
The yak closely misses you.
There is a stone staircase leading up, spattered with blood here.
Casting: Shock (safe; 1% risk of failure)
Confirm with . or Enter, or press ? or * to list all spells.
The spell is quite dangerous to cast (16% risk of failure)!
Continue anyway?
Aiming: Freezing Cloud (quite dangerous; 16% risk of failure)
Press: ? - help, Dir - move target That beam is likely to hit you.
Continue anyway?
The yak bellows!
You are engulfed in freezing vapours.
The yak is engulfed in freezing vapours.
The orc is engulfed in freezing vapours.
You kill the orc!
The yak is engulfed in freezing vapours.
The yak barely misses you.
You are engulfed in freezing vapours.
The yak is engulfed in freezing vapours.
The yak gores you.
The yak is engulfed in freezing vapours.
The yak gores you but does no damage.
You are engulfed in freezing vapours.
Ouch! That really hurt!
* * * LOW HITPOINT WARNING * * *
The yak is engulfed in freezing vapours. x2
You kill the yak!
The yak is engulfed in freezing vapours.
The yak misses you.
The yak is engulfed in freezing vapours.
You are engulfed in freezing vapours.
You die...

############## #
.............# #
.............# #
..)Y..†......#############
..oR....§Y§...............
#####+###Y§..........!....
#§Y...............
#@§...............
#................. #Y...#
#.......########## ##....#
#...#####......... .....#
#...'............. ....#
#...#............. ...#
#...#............. #..+
#...#............. #..#
#...#...........##


You could see 3 yaks.

Vanquished Creatures
  Joseph (D:7)
  A troll (D:7)
  The ghost of TheBeaver the Skirmisher, an amateur DrMo (D:5)
  A wraith (D:9)
  3 yaks
  2 steam dragons
  A water moccasin (D:7)
  2 sky beasts
  2 necrophages
  3 centaurs
  A phantom (D:4)
  6 bullfrogs
  A kobold brigand (D:8)
  2 wyvern zombies (D:6)
  6 scorpions
  2 water moccasin skeletons
  A wyvern skeleton (D:5)
  8 killer bees
  4 howler monkeys
  3 wights (D:9)
  An electric eel (D:6)
  2 centaur zombies (D:7)
  2 bullfrog zombies (D:6)
  A jelly (D:5)
  3 orc priests
  4 hounds
  A centaur skeleton (D:7)
  4 bullfrog skeletons
  2 iguanas
  Ijyb (D:3)
  3 orc wizards
  A hound zombie (D:5)
  2 hound skeletons
  A howler monkey zombie (D:6)
  5 gnolls
  6 adders
  A shadow imp (D:5)
  2 white imps
  An ufetubus (D:4)
  A worm (D:2)
  2 dart slugs
  23 orcs
  5 ball pythons
  4 endoplasms
  6 giant cockroaches
  6 goblins
  8 hobgoblins
  15 jackals
  2 quokkas
  3 bats
  3 frilled lizards
  18 kobolds
  12 rats
202 creatures vanquished.

Vanquished Creatures (collateral kills)
  A hydra (D:7)
  A two-headed ogre (D:8)
  A small abomination (D:5)
  A human (D:9)
  A water moccasin (D:8)
  An orc warrior (D:9)
  A kobold brigand (D:8)
  2 killer bees (D:9)
  An orc wizard (D:9)
  An adder (D:6)
  A jackal zombie (D:9)
12 creatures vanquished.

Vanquished Creatures (others)
  2 hexers
  2 ancestors
  32 plants
36 creatures vanquished.

Grand Total: 250 creatures vanquished

Notes
Turn   | Place    | Note
-------+----------+-------------------------------------------
     0 | D:1      | quinnr the Tengu Air Elementalist began the quest for the
                  | Orb.
     0 | D:1      | Reached XP level 1. HP: 10/10 MP: 4/4
   254 | D:1      | Reached XP level 2. HP: 9/15 MP: 0/6
   997 | D:1      | Reached XP level 3. HP: 20/20 MP: 1/7
  1437 | D:2      | Reached skill level 1 in Fighting
  1684 | D:2      | Reached skill level 5 in Air Magic
  1684 | D:2      | Reached XP level 4. HP: 25/25 MP: 4/8
  1689 | D:2      | Learned a level 4 spell: Airstrike
  3393 | D:3      | Found a faded altar of an unknown god.
  3397 | D:3      | Noticed Ijyb
  3402 | D:3      | Killed Ijyb
  3403 | D:3      | Gained mutation: Your magical nature lets you fly swiftly
                  | and evasively. [Tengu growth]
  3403 | D:3      | Reached XP level 5. HP: 25/30 MP: 0/9
  3640 | D:3      | Found a hide-covered altar of Uskayaw.
  3983 | D:4      | Noticed a phantom
  4331 | D:4      | Reached skill level 6 in Air Magic
  4331 | D:4      | Reached XP level 6. HP: 31/36 MP: 4/11
  4499 | D:4      | Found a staircase to the Ecumenical Temple.
  4549 | Temple   | Entered the Ecumenical Temple
  4561 | Temple   | Became a worshipper of Hepliaklqana the Forgotten
  4996 | D:5      | Entered Level 5 of the Dungeon
  4996 | D:5      | Noticed a necrophage
  4999 | D:5      | Killed a necrophage
  5000 | D:5      | Reached XP level 7. HP: 41/41 MP: 2/13
  5347 | D:4      | Learned a level 5 spell: Freezing Cloud
  5353 | D:5      | Reached skill level 7 in Air Magic
  5537 | D:5      | Noticed a small abomination
  5616 | D:5      | Reached skill level 1 in Ice Magic
  5758 | D:5      | Found a transporter.
  5883 | D:5      | Found a transporter.
  6527 | D:6      | Reached XP level 8. HP: 45/48 MP: 6/15
  7051 | D:6      | Reached skill level 8 in Air Magic
  7165 | D:6      | Reached * piety under Hepliaklqana
  7403 | D:6      | Reached skill level 5 in Fighting
  7403 | D:6      | Reached skill level 5 in Spellcasting
  7824 | D:6      | Reached skill level 9 in Air Magic
  7824 | D:6      | Reached XP level 9. HP: 48/48 MP: 10/17
  8164 | D:6      | Reached skill level 10 in Air Magic
  8382 | D:6      | Found a radiant altar of Vehumet.
  8537 | D:7      | Noticed a troll
  8541 | D:7      | Killed a troll
  8642 | D:7      | Reached skill level 11 in Air Magic
  8768 | D:7      | Noticed Joseph
  8938 | D:7      | Killed Joseph
  8939 | D:7      | Reached skill level 12 in Air Magic
  9315 | D:7      | Noticed a seven-headed hydra
  9481 | D:7      | Killed a seven-headed hydra
  9482 | D:7      | Reached XP level 10. HP: 45/54 MP: 2/19
 10425 | D:8      | Found a sparkling altar of Nemelex Xobeh.
 10582 | D:8      | Reached ** piety under Hepliaklqana
 10588 | D:8      | Remembered your ancestor Octavius as a hexer
 10721 | D:8      | Noticed a two-headed ogre
 10728 | D:8      | Killed a two-headed ogre
 10729 | D:8      | Reached skill level 13 in Air Magic
 11355 | D:5      | Noticed TheBeaver's ghost (amateur DrMo)
 11358 | D:5      | Found a one-way gate to the infinite horrors of the Abyss.
 11495 | D:5      | Killed TheBeaver's ghost
 11544 | D:5      | Got Lugonu's Papyrus of Displacement
 12097 | D:9      | Found a runed translucent door.
 12101 | D:9      | Found a basalt altar of Yredelemnul.
 12476 | D:9      | Reached XP level 11. HP: 60/60 MP: 0/22
 12715 | D:9      | HP: 1/60 [cloud of freezing vapour (30)]
 12716 | D:9      | Engulfed by a cloud of freezing vapour

Illustrated notes

Levels and vault maps discovered:
D:1:      dpeg_arrival_tiny_b, layout_basic, corexii_corridor_pit
D:2:      layout_loops_ring, nrook_loot_triangle, minivault_26
D:3:      cheibrodos_greedy_goblins, layout_loops_ring,
          mainiacjoe_overflow_cross_hatched,
          hellmonk_ecumenical_altar_arch_garden, uniq_ijyb
D:4:      layout_loops_cross, minmay_temple_entry_drinking_statues
D:5:      layout_rooms, serial_bayou, serial_bayou_lake_a, serial_bayou_pond_c,
          serial_bayou_pond_e, serial_bayou_shore_a,
          gammafunk_ghost_abyssal_escape
D:6:      cheibrodos_helix_gallery, layout_basic, lemuel_coloured_pillars_altar,
          hex_intersection, chequers_garden
D:7:      layout_rooms, uniq_joseph
D:8:      layout_basic, nemelex_diamond_rough_becter
D:9:      minmay_chambers_of_sevens, layout_irregular_city,
          dk_yredelemnul_ordeal
Temple:   minmay_freezing_vapour_temple

Skill      XL: |  1  2  3  4  5  6  7  8  9 10 |
---------------+-------------------------------+-----
Fighting       | 1 2 3 4 5 7 |  7.7
Air Magic      | 5 6 7 9 12 13 | 13.8
Dodging        | 3 |  3.0
Stealth        | 3 |  3.0
Spellcasting   | 3 4 5 7 |  7.3
Conjurations   | 2 3 |  3.0
Ice Magic      | 1 3 4 |  4.0
Armour         | 2 3 |  3.0

Action                   |  1- 3 |  4- 6 |  7- 9 | 10-12 || total
-------------------------+-------+-------+-------+-------++-------
Melee: Staff             |     2 |     5 |     4 |     5 ||    16
       Kick              |     1 |     1 |       |     1 ||     3
       Unarmed           |     1 |       |       |       ||     1
       Peck              |       |       |       |     1 ||     1
 Cast: Shock             |    73 |   136 |   155 |   138 ||   502
       Airstrike         |       |     5 |    49 |    16 ||    70
       Freezing Cloud    |       |       |     1 |     7 ||     8
Invok: Recall Ancestor   |       |       |     1 |     3 ||     4
       Ancestor Life: He |       |       |       |     1 ||     1
Evoke: Wand              |       |       |     6 |     5 ||    11
  Use: Scroll            |       |     2 |    14 |     4 ||    20
       Potion            |       |       |     1 |       ||     1
 Stab: Sleeping          |     1 |       |       |       ||     1
Armor: Robe              |       |     6 |    21 |       ||    27
       Troll leather arm |       |       |     3 |     4 ||     7
       Steam dragon scal |       |       |       |     5 ||     5
Dodge: Dodged            |     7 |    21 |    41 |    27 ||    96

Table legend: (Time is in decaauts)
 A = Elapsed time spent in this place.
 B = Non-inter-level travel time spent in this place.
 C = Inter-level travel time spent in this place.
 D = Time resting spent in this place.
 E = Time spent auto-exploring this place.
 F = Levels seen in this place.
 G = Mean time per level.
                   A        B        C        D        E       F      G
               +--------+--------+--------+--------+--------+-----+--------+
         Total |  12340 |  11858 |    482 |   1500 |   8991 |  10 | 1234.0 |
       Dungeon |  12324 |  11843 |    481 |   1500 |   8982 |   9 | 1369.3 |
        Temple |     16 |     16 |      0 |      0 |      9 |   1 |   16.0 |
               +--------+--------+--------+--------+--------+-----+--------+

Top non-repeatable levels by time:
     D:6: 2039 daAuts
     D:5: 1635 daAuts
     D:8: 1598 daAuts
     D:3: 1410 daAuts
     D:2: 1328 daAuts
     D:1: 1258 daAuts
     D:4: 1193 daAuts
     D:7: 1159 daAuts
     D:9: 701 daAuts
  Temple: 16 daAuts
